 Dungeon Crawl Stone Soup version 0.30.1-11-g7821555f0a (webtiles) character file.

Game seed: 17085242740915258120

56 monsoonserge the Conjurer (level 3, 0/13 (21) HPs)
             Began as a Tengu Reaver on Nov 16, 2023.
             Slain by an adder (2 damage)
             ... on level 2 of the Dungeon.
             The game lasted 00:03:10 (876 turns).

monsoonserge the Conjurer (Tengu Reaver)             Turns: 876, Time: 00:03:10

HP:   0/13 (21)     AC:  3    Str: 12    XL:     3   Next: 95%
MP:   7/7           EV: 12    Int: 15    God:
Gold: 51            SH:  0    Dex: 18    Spells: 5/6 levels left

rFire   . . .        k - +2 spear (heavy)
rCold   . . .        (no shield)
rNeg    . . .        b - +0 leather armour
rPois   .            (helmet restricted)
rElec   .            (no cloak)
rCorr   .            (no gloves)
SInv    .            (boots unavailable)
Will    .....        (no amulet)
Stlth   +            l - +6 ring of dexterity
HPRegen 0.22/turn    (no ring)
MPRegen 0.10/turn

%: no passive effects
@: lethally poisoned (0 -> -3), attractive, very heavily drained
A: beak, talons 3
a: no special abilities


You were on level 2 of the Dungeon.
You visited 1 branch of the dungeon, and saw 2 of its levels.

You collected 51 gold pieces.

Inventory:

Hand Weapons
 a - a +0 mace
 k - a +2 heavy spear (weapon)
Armour
 b - a +0 leather armour (worn)
Jewellery
 l - a +6 ring of dexterity (left hand)
Scrolls
 c - a scroll of poison {unknown}
 d - a scroll of vulnerability {unknown}
 g - 2 scrolls of teleportation {unknown}
 h - a scroll of magic mapping {unknown}
 i - 3 scrolls of fear {unknown}
 j - a scroll of identify {unknown}
Potions
 f - a potion of lignification {unknown}


   Skills:
 + Level 2.1 Fighting
 - Level 3.9 Maces & Flails
 * Level 1.4 Armour
 + Level 2.4 Dodging
 - Level 2.0 Spellcasting
 + Level 4.7 Conjurations
 + Level 1.0 Necromancy


You had 5 spell levels left.
You knew the following spells:

 Your Spells              Type           Power      Damage    Failure   Level
a - Kiss of Death         Conj/Necr      40%        2d8       9%          1

Your spell library contained the following spells:

 Spells                   Type           Power      Damage    Failure   Level
 Momentum Strike          Conj/Tloc      16%        3d8       16%         2
 Slow                     Hex            4%         N/A       28%         1
 Hailstorm                Conj/Ice       8%         3d4       32%         3
 Vampiric Draining        Necr           4%         2d6       50%         3
 Confusing Touch          Hex            1%         N/A       63%         3


Dungeon Overview and Level Annotations

Branches:
Dungeon (2/15)

Altars:


Innate Abilities, Weirdness & Mutations

You have a beak for a mouth.
You have claws for feet.


Message History

An adder comes into view.
The adder hisses angrily.
You reach to attack!
You hit the adder.
The adder is heavily wounded.
The adder barely misses you. The adder misses you.
You puncture the adder!
You kill the adder!
Your Armour skill increases to level 1!
No target in view!
Found a stone staircase leading down.
An adder comes into view.
An adder is nearby!
There is a stone staircase leading down here.
The adder hisses angrily.
The adder closely misses you.
You barely miss the adder. Your kick misses the adder. The adder misses you.
The adder bites you but does no damage.
You closely miss the adder. Your kick misses the adder.
The adder barely misses you. The adder completely misses you.
You barely miss the adder. You claw the adder. Your peck misses the adder.
The adder is lightly wounded.
The adder bites you. x2
You are poisoned.
The adder poisons you!
You hit the adder.
The adder is moderately wounded.
You feel sick. The adder closely misses you. The adder bites you.
* * * LOW HITPOINT WARNING * * *
You are too injured to fight recklessly!
Unknown command.
You are lethally poisoned (2 -> -1).
Your life force is very heavily drained.
Your movement speed is average.
Your attack delay is about 1.6.
Your damage rating with your +2 heavy spear is about 12 (Base [6 + 4 (Hvy)] x 105% (Str) x 103% (Skill) + 2 (Ench)).
Your base attributes are Str 12, Int 15, Dex 12.
It was a potion of attraction.
You feel attractive to monsters.
* * * LOW HITPOINT WARNING * * *
You feel sick. The adder bites you.
You die...

### ##### ## ##...
.... #. ..... ..#
#. ##.## #.# .#
#.# #.#####.####
##.# #......#...#
##.#
##.#####.##.######
.#.####..#
#.>@S......
.........#
#..#.######
.#######.# #..#.#
## #.# #..#.# #
#.# #.....
########.# ##..##
.........# #..#
########## #..#


You could see an adder.

Vanquished Creatures
  2 adders (D:2)
  A worm (D:2)
  A dart slug (D:1)
  4 endoplasms
  A giant cockroach (D:1)
  3 goblins (D:1)
  2 hobgoblins
  4 jackals (D:1)
  3 quokkas
  3 ball pythons
  A kobold (D:2)
  5 rats (D:1)
30 creatures vanquished.

Notes
Turn   | Place    | Note
-------+----------+-------------------------------------------
     0 | D:1      | monsoonserge the Tengu Reaver began the quest for the Orb.
     0 | D:1      | Reached XP level 1. HP: 12/12 MP: 4/4
   156 | D:1      | Reached XP level 2. HP: 3/14 MP: 4/6
   315 | D:1      | Reached skill level 1 in Necromancy
   315 | D:1      | Reached XP level 3. HP: 11/14 MP: 7/7
   864 | D:2      | Reached skill level 1 in Armour
   876 | D:2      | Slain by an adder

Illustrated notes

Levels and vault maps discovered:
D:1:      eino_arrival_cavern_a, layout_rooms
D:2:      minmay_spotlight, layout_loops_ring

Skill      XL: |  1  2  3 |
---------------+----------+-----
Necromancy     | 1 |  1.0
Armour         | 1 |  1.4
Fighting       | |  2.1
Maces & Flails | |  3.9
Dodging        | |  2.4
Spellcasting   | |  2.0
Conjurations   | |  4.7

Action                     || total
---------------------------++-------
  Melee: Mace              ||    46
         Kick              ||    13
         Peck              ||     2
         Punch             ||     1
         Spear             ||    11
   Cast: Kiss of Death     ||     4
    Use: Potion            ||     1
   Stab: Sleeping          ||     1
 Armour: Leather armour    ||    18
  Dodge: Dodged            ||    31
